Map: 2000 Atmospheres LE

Players

StarDuck

  • Race: Protoss Protoss

MeomaikA - Winner!

  • Race: Zerg Zerg

Event: DreamHack SC2 Masters 2021 Fall

VOD

Have the link to the VOD?

Description

Time

  • Played on: July 29, 2021, 5:26 a.m.
  • Length: 24:59

All games in this series

Show
View Real Time Build Order
Export as new Build Order

StarDuck Protoss 

Build Orders: 1 Gate Expand, Oracle Opening, Carriers 

Get SALT Encoding   

  12  0:00  Probe  
  13  0:12  Probe  
  14  0:19  Pylon  
  14  0:24  Probe  
  15  0:37  Probe (Chrono Boost)  
  15  0:39  Gateway  
  16  0:46  Probe (Chrono Boost)  
  16  0:49  Assimilator  
  17  0:51  Probe  
  18  1:03  Probe  
  19  1:16  Probe  
  20  1:28  Nexus  
  20  1:35  Cybernetics Core  
  21  1:40  Probe  
  21  1:44  Assimilator  
  21  1:52  Probe  
  22  1:54  Pylon  
  22  2:04  Cybernetics Core  
  22  2:10  Adept (Chrono Boost), Probe  
  25  2:25  Shield Battery  
  25  2:29  Probe  
  26  2:30  Stargate  
  26  2:36  Adept  
  28  2:42  Probe (Chrono Boost)  
  28  2:44  Probe (Chrono Boost)  
  30  2:49  Warp Gate  
  31  2:52  Probe (Chrono Boost)  
  31  2:53  Probe (Chrono Boost)  
  31  2:57  Probe (Chrono Boost)  
  32  2:58  Probe (Chrono Boost)  
  34  3:07  Probe  
  34  3:08  Adept, Void Ray (Chrono Boost)  
  34  3:10  Probe  
  43  3:20  Probe  
  43  3:22  Probe  
  44  3:27  Pylon  
  44  3:32  Probe  
  45  3:34  Probe  
  46  3:45  Probe  
  46  3:47  Probe  
  46  3:52  Oracle (Chrono Boost)  
  46  3:54  Assimilator  
  49  3:56  Assimilator  
  49  3:57  Probe  
  49  3:59  Probe  
  49  4:06  Nexus  
  49  4:07  Pylon  
  49  4:09  Probe  
  50  4:11  Probe  
  50  4:15  Gateway  
  51  4:21  Probe  
  51  4:22  Stargate  
  51  4:23  Probe  
  53  4:37  Probe  
  52  4:41  Void Ray (Chrono Boost)  
  52  4:46  Probe  
  52  4:47  Adept  
  52  4:49  Probe  
  60  4:57  Gateway  
  60  4:58  Probe  
  61  5:00  Forge  
  61  5:01  Probe  
  61  5:02  Protoss Air Weapons Level 1  
  62  5:11  Pylon, Void Ray (Chrono Boost)  
  62  5:13  Pylon  
  62  5:17  Pylon, Probe  
  62  5:18  Adept  
  69  5:29  Probe  
  69  5:32  Shield Battery  
  69  5:34  Shield Battery  
  69  5:35  Pylon  
  68  5:36  Void Ray (Chrono Boost)  
  68  5:37  Shield Battery  
  68  5:39  Shield Battery x2  
  68  5:40  Shield Battery  
  66  5:44  Sentry  
  66  5:45  Void Ray (Chrono Boost)  
  68  5:54  Zealot  
  74  6:08  Zealot  
  74  6:13  Void Ray (Chrono Boost)  
  74  6:17  Void Ray (Chrono Boost)  
  82  6:31  Zealot x2  
  84  6:43  Pylon  
  84  6:45  Pylon  
  84  6:55  Void Ray (Chrono Boost)  
  84  6:56  Pylon  
  84  6:59  Fleet Beacon  
  87  7:15  Void Ray (Chrono Boost)  
  84  7:16  Probe  
  84  7:17  Probe  
  84  7:19  Nexus  
  84  7:20  Pylon  
  84  7:22  Pylon  
  86  7:24  Pylon  
  86  7:26  Pylon  
  86  7:29  Pylon  
  90  7:31  Robotics Facility  
  90  7:33  Shield Battery  
  90  7:47  Carrier  
  90  7:48  Probe x2  
  98  7:52  Photon Cannon  
  98  7:54  Photon Cannon  
  98  7:55  Shield Battery  
  98  7:59  Photon Cannon  
  98  8:03  Assimilator  
  98  8:08  Assimilator  
  98  8:13  Phoenix  
  98  8:18  Shield Battery  
  100  8:20  Shield Battery  
  100  8:23  Photon Cannon  
  100  8:25  Anion Pulse-Crystals  
  100  8:29  Probe x2  
  104  8:43  Phoenix (Chrono Boost)  
  104  8:44  Photon Cannon  
  104  8:51  Stargate, Phoenix (Chrono Boost)  
  106  9:05  Phoenix (Chrono Boost), Probe x2  
  106  9:06  Probe  
  111  9:11  Protoss Air Weapons Level 2 (Chrono Boost), Carrier (Chrono Boost)  
  117  9:17  Probe  
  117  9:24  Photon Cannon  
  118  9:25  Photon Cannon  
  118  9:33  Robotics Bay  
  118  9:36  Carrier (Chrono Boost)  
  124  9:48  Void Ray (Chrono Boost)  
  128  9:58  Nexus  
  128  10:00  Pylon  
  128  10:02  Pylon  
  128  10:08  Carrier (Chrono Boost)  
  128  10:10  Flux Vanes  
  118  10:47  Probe x2  
  120  10:58  Shield Battery, Carrier (Chrono Boost)  
  120  11:00  Shield Battery  
  120  11:02  Shield Battery  
  120  11:03  Shield Battery  
  132  11:04  Carrier (Chrono Boost)  
  132  11:05  Shield Battery  
  132  11:08  Carrier (Chrono Boost)  
  138  11:12  Zealot  
  130  11:31  Probe x4  
  130  11:34  Assimilator  
  130  11:36  Assimilator  
  130  11:44  Sentry  
  130  11:46  Void Ray (Chrono Boost)  
  132  11:48  Probe  
  132  11:52  Photon Cannon, Void Ray (Chrono Boost)  
  132  11:53  Void Ray (Chrono Boost)  
  132  11:54  Photon Cannon  
  137  11:56  Pylon  
  145  12:04  Disruptor  
  148  12:16  Void Ray (Chrono Boost)  
  148  12:18  Zealot x2  
  148  12:21  Protoss Air Weapons Level 3  
  156  12:28  Void Ray (Chrono Boost)  
  163  12:37  Void Ray (Chrono Boost)  
  166  12:45  Observer  
  166  12:47  Void Ray (Chrono Boost), Probe x3  
  167  13:12  Void Ray x2 (Chrono Boost)  
  167  13:28  Photon Cannon  
  167  13:31  Pylon, Photon Cannon  
  167  13:32  Void Ray (Chrono Boost)  
  167  13:39  Void Ray (Chrono Boost)  
  171  13:46  Void Ray (Chrono Boost)  
  171  13:48  Pylon  
  171  13:55  Protoss Shields Level 1  
  175  13:56  Twilight Council  
  175  14:00  Zealot  
  175  14:01  Zealot  
  175  14:02  Void Ray (Chrono Boost)  
  175  14:32  Void Ray (Chrono Boost)  
  163  14:41  Void Ray (Chrono Boost)  
  171  14:48  Void Ray (Chrono Boost)  
  165  14:57  Sentry x2  
  165  14:59  Void Ray (Chrono Boost)  
  169  15:04  Charge  
  169  15:06  Dark Shrine  
  173  15:07  Void Ray (Chrono Boost)  
  173  15:12  Void Ray (Chrono Boost)  
  177  15:19  Pylon  
  181  15:29  Void Ray (Chrono Boost)  
  181  15:32  Protoss Air Armor Level 1 (Chrono Boost)  
  177  15:38  Void Ray (Chrono Boost)  
  174  15:45  Probe x3  
  177  15:50  Void Ray (Chrono Boost)  
  177  15:55  Gateway x2  
  177  15:57  Pylon  
  177  16:03  Void Ray (Chrono Boost)  
  179  16:19  Dark Templar  
  175  16:53  Dark Templar x3  
  179  17:05  Pylon  
  179  17:09  Archon  
  179  17:10  Archon  
  179  17:12  Void Ray x2 (Chrono Boost)  
  179  17:21  Nexus  
  187  17:23  Pylon  
  187  17:25  Pylon  
  187  17:32  Nexus  
  181  17:53  Void Ray  
  181  17:54  Void Ray  
  175  18:16  Zealot x2  
  175  18:17  Zealot x2  
  171  18:33  Void Ray  
  171  18:34  Void Ray x2  
  119  19:00  Zealot x4  
  122  19:04  Pylon  
  122  19:07  Pylon  
  118  19:13  Unknown  
  118  19:16  Photon Cannon  
  120  19:18  Photon Cannon  
  120  19:21  Photon Cannon  
  120  19:23  Photon Cannon  
  120  19:24  Shield Battery  
  120  19:27  Dark Templar x2  
  124  19:34  Archon  
  124  19:38  Dark Templar x2  
  120  19:42  Phoenix  
  120  19:44  Phoenix x2  
  110  19:46  Archon  
  96  20:15  Phoenix x2 (Chrono Boost)  
  86  20:32  Dark Templar x2  
  86  20:33  Dark Templar x2  
  86  20:34  Phoenix (Chrono Boost)  
  95  20:37  Phoenix (Chrono Boost), Archon x2  
  92  20:57  Phoenix x2  
  96  21:07  Zealot x4  
  102  21:15  Probe x3  
  105  21:20  Assimilator  
  105  21:23  Shield Battery  
  109  21:34  Dark Templar x2  
  109  21:35  Dark Templar  
  109  21:45  Dark Templar, Archon  
  84  22:14  Dark Templar x2  
  85  22:18  Archon x2  
  82  22:28  Zealot x2  
  86  22:33  Carrier  
  92  22:44  Probe x3  
  87  23:14  Dark Templar x2  
  85  23:30  Archon  
  85  23:31  Dark Templar x2  
  89  23:38  Archon  
  89  23:51  Phoenix  
  91  24:00  Zealot x2  
  93  24:18  Zealot x2  
Show
View Real Time Build Order
Export as new Build Order

MeomaikA Zerg - Winner!

Build Orders: Pool First 

Get SALT Encoding   

  12  0:00  Drone  
  13  0:08  Drone  
  14  0:16  Overlord  
  14  0:25  Extractor, Drone  
  15  0:37  Spawning Pool  
  15  0:41  Drone  
  15  0:44  Drone  
  15  0:48  Drone  
  17  1:09  Drone  
  18  1:11  Extractor  
  17  1:25  Zergling x4  
  19  1:27  Zergling x2  
  19  1:30  Hatchery  
  19  1:33  Queen  
  19  1:37  Drone  
  22  1:47  Overlord  
  22  2:05  Drone  
  23  2:09  Queen, Drone  
  23  2:13  Metabolic Boost  
  26  2:20  Drone  
  27  2:32  Drone  
  28  2:40  Drone x2  
  28  2:42  Drone x2  
  28  2:43  Drone  
  33  2:53  Drone x2  
  35  3:04  Overlord  
  35  3:07  Hatchery  
  35  3:12  Drone x2  
  36  3:16  Lair  
  36  3:19  Extractor  
  36  3:20  Drone  
  36  3:22  Drone  
  36  3:23  Drone  
  36  3:26  Drone  
  39  3:28  Drone  
  39  3:31  Drone  
  39  3:32  Zergling x2  
  42  3:35  Zergling x2  
  42  3:36  Zergling x2  
  43  3:47  Drone x3  
  43  3:51  Drone  
  44  3:57  Spore Crawler  
  44  4:00  Drone  
  44  4:01  Overlord  
  44  4:02  Overlord  
  44  4:14  Nydus Network  
  43  4:18  Queen  
  43  4:20  Drone x3  
  47  4:25  Queen  
  47  4:29  Drone x2  
  50  4:34  Zergling x6  
  50  4:37  Zergling x4  
  54  4:41  Zergling x2  
  54  4:43  Zergling x4  
  56  4:46  Zergling x4  
  56  4:50  Zergling x4  
  60  4:55  Overlord  
  60  4:58  Queen  
  62  5:02  Queen  
  64  5:11  Nydus Canal  
  64  5:13  Zergling x8  
  64  5:14  Drone  
  69  5:15  Drone  
  69  5:17  Drone  
  69  5:18  Drone  
  69  5:21  Extractor, Drone  
  66  5:37  Zergling x6  
  66  5:38  Zergling x8  
  66  5:40  Zergling x2  
  66  5:41  Zergling x2  
  72  5:46  Drone x2  
  74  5:54  Overlord  
  74  5:55  Spore Crawler  
  74  5:56  Drone  
  74  5:57  Extractor, Drone  
  74  5:58  Spore Crawler  
  74  5:59  Drone  
  74  6:08  Drone x2, Spire  
  74  6:09  Drone  
  74  6:11  Overlord  
  74  6:15  Spore Crawler  
  74  6:17  Drone  
  74  6:18  Drone  
  75  6:21  Drone x2  
  75  6:23  Drone  
  76  6:26  Drone x2  
  76  6:28  Drone  
  76  6:31  Drone  
  77  6:33  Overlord  
  77  6:35  Drone  
  77  6:38  Drone  
  77  6:39  Extractor  
  77  6:40  Drone  
  77  6:41  Drone  
  77  6:43  Drone  
  77  7:05  Drone  
  77  7:06  Extractor, Drone x2  
  76  7:20  Drone x5  
  76  7:21  Drone  
  76  7:22  Drone x3, Zerg Flyer Weapons Level 1  
  85  7:23  Drone  
  85  7:25  Drone  
  85  7:26  Drone x3  
  87  7:33  Drone x2  
  87  7:36  Drone  
  87  7:37  Drone x2  
  92  7:41  Mutalisk  
  92  7:42  Mutalisk  
  92  7:43  Hatchery  
  95  7:46  Mutalisk  
  97  7:53  Corruptor  
  97  7:54  Overlord  
  97  7:57  Overlord  
  98  8:03  Overlord  
  98  8:08  Queen  
  98  8:12  Queen  
  102  8:13  Mutalisk x2  
  102  8:14  Mutalisk  
  102  8:18  Mutalisk  
  108  8:21  Hatchery  
  107  8:29  Corruptor x3  
  107  8:31  Extractor, Drone  
  107  8:32  Drone  
  114  8:34  Extractor  
  114  8:36  Mutalisk  
  114  8:39  Overlord  
  114  8:41  Overlord  
  114  8:52  Drone  
  114  8:55  Mutalisk x2  
  119  8:56  Overlord  
  119  9:02  Mutalisk  
  119  9:05  Corruptor  
  123  9:10  Corruptor  
  123  9:14  Corruptor  
  123  9:16  Zerg Flyer Armor Level 1  
  127  9:19  Corruptor  
  127  9:23  Mutalisk  
  127  9:24  Mutalisk  
  131  9:27  Mutalisk  
  131  9:29  Mutalisk  
  136  9:33  Mutalisk  
  138  9:38  Corruptor  
  138  9:40  Corruptor  
  142  9:46  Mutalisk x2  
  142  9:49  Corruptor  
  148  9:53  Corruptor  
  148  9:55  Overlord  
  148  9:57  Overlord  
  150  10:08  Overlord  
  150  10:17  Corruptor x3, Hatchery  
  155  10:25  Mutalisk x4  
  155  10:28  Mutalisk  
  163  10:35  Mutalisk  
  157  10:37  Mutalisk  
  157  10:41  Mutalisk  
  141  10:43  Zergling x18  
  141  10:49  Mutalisk  
  150  10:57  Extractor x2  
  150  10:59  Mutalisk x2  
  150  11:00  Corruptor  
  150  11:03  Drone x5  
  156  11:06  Mutalisk  
  158  11:11  Mutalisk  
  155  11:18  Mutalisk  
  155  11:20  Mutalisk  
  155  11:24  Mutalisk  
  130  11:28  Drone  
  130  11:29  Drone x3  
  122  11:34  Mutalisk  
  122  11:35  Mutalisk  
  122  11:37  Mutalisk  
  128  11:41  Mutalisk  
  128  11:45  Spore Crawler  
  128  11:46  Spore Crawler  
  128  11:47  Mutalisk  
  128  11:48  Spore Crawler  
  128  11:49  Mutalisk  
  128  11:51  Hatchery  
  128  11:52  Mutalisk  
  132  11:59  Corruptor  
  132  12:00  Corruptor  
  136  12:03  Drone x5  
  136  12:08  Zerg Flyer Weapons Level 2  
  141  12:12  Corruptor  
  143  12:22  Corruptor x2  
  142  12:26  Mutalisk x2  
  142  12:29  Drone x4  
  146  12:31  Overseer  
  146  12:39  Infestation Pit  
  146  12:40  Corruptor  
  146  12:41  Corruptor  
  149  12:46  Corruptor  
  149  12:48  Corruptor  
  153  12:53  Drone x4  
  157  13:09  Corruptor x4  
  165  13:13  Overlord x2  
  165  13:14  Overlord  
  165  13:18  Corruptor  
  167  13:20  Corruptor  
  167  13:25  Drone x3  
  167  13:26  Extractor, Corruptor  
  171  13:29  Overlord  
  171  13:32  Corruptor  
  175  13:35  Corruptor  
  177  13:44  Corruptor x3  
  183  13:49  Corruptor, Drone  
  183  13:51  Corruptor  
  183  13:55  Corruptor  
  188  14:02  Corruptor x3  
  196  14:17  Corruptor x2  
  196  14:23  Extractor  
  199  14:30  Overlord  
  199  14:34  Overlord  
  199  14:45  Overlord x2  
  199  14:46  Zerg Flyer Armor Level 2  
  197  14:55  Hatchery  
  197  14:58  Overlord  
  196  15:06  Mutalisk x2  
  200  16:02  Extractor, Hatchery  
  198  16:06  Extractor  
  187  16:50  Mutalisk  
  187  16:51  Mutalisk x11  
  199  16:56  Hive  
  199  17:01  Overseer  
  197  17:35  Hatchery  
  196  17:38  Mutalisk x5  
  200  17:50  Spire  
  199  17:55  Mutalisk  
  199  17:56  Mutalisk x10  
  197  17:58  Mutalisk  
  189  18:06  Mutalisk x6  
  189  18:07  Mutalisk  
  197  18:13  Mutalisk x3  
  191  18:20  Mutalisk x4  
  191  18:21  Mutalisk x2  
  193  18:29  Mutalisk x3  
  193  18:30  Overlord  
  193  18:31  Overlord x5  
  199  18:38  Overlord x2  
  197  18:47  Mutalisk x2  
  197  18:48  Mutalisk x4  
  188  18:49  Mutalisk  
  188  18:50  Mutalisk x4  
  188  18:52  Mutalisk x2  
  188  18:53  Mutalisk  
  185  18:58  Mutalisk  
  185  19:04  Mutalisk x3  
  185  19:06  Drone  
  185  19:07  Drone x2  
  192  19:12  Zerg Flyer Weapons Level 3  
  192  19:16  Hatchery  
  191  19:21  Roach Warren  
  191  19:24  Evolution Chamber x2  
  180  19:37  Mutalisk x4  
  180  19:38  Mutalisk  
  185  19:43  Drone x6  
  185  19:44  Drone x3  
  193  19:50  Spine Crawler x2  
  193  19:52  Spine Crawler  
  188  19:56  Mutalisk x3  
  188  20:02  Mutalisk  
  188  20:04  Spore Crawler  
  188  20:05  Mutalisk  
  188  20:06  Spine Crawler x2  
  189  20:07  Spine Crawler  
  189  20:08  Spine Crawler  
  189  20:12  Mutalisk  
  189  20:13  Mutalisk  
  171  20:18  Mutalisk  
  145  20:23  Mutalisk  
  145  20:27  Zergling x2  
  145  20:28  Zergling x20  
  156  20:33  Mutalisk  
  156  20:34  Mutalisk  
  160  20:38  Mutalisk  
  162  20:49  Mutalisk x3  
  160  20:55  Mutalisk  
  160  20:56  Zergling x18  
  169  21:06  Mutalisk x3  
  169  21:09  Mutalisk  
  170  21:13  Roach x5  
  170  21:14  Roach  
  170  21:18  Mutalisk  
  182  21:24  Mutalisk  
  186  21:26  Mutalisk  
  188  21:43  Mutalisk x3  
  189  21:48  Mutalisk  
  189  21:49  Mutalisk  
  189  21:50  Zergling x2  
  189  21:51  Zergling x6  
  189  21:52  Zergling x2  
  179  21:54  Zergling x2  
  179  21:58  Mutalisk  
  159  22:03  Mutalisk  
  159  22:05  Mutalisk  
  159  22:07  Zergling x2  
  144  22:10  Mutalisk  
  144  22:12  Zergling x2  
  139  22:17  Mutalisk  
  141  22:24  Mutalisk x2  
  141  22:26  Zergling x4  
  147  22:34  Mutalisk x2  
  147  22:35  Mutalisk  
  153  22:39  Mutalisk  
  155  22:44  Roach x2  
  155  22:48  Roach  
  155  22:49  Glial Reconstitution  
  161  22:59  Roach x3  
  161  23:00  Roach  
  167  23:10  Roach x4  
  173  23:14  Roach  
  173  23:15  Roach  
  177  23:21  Roach  
  177  23:22  Roach  
  177  23:23  Roach  
  177  23:25  Roach  
  185  23:28  Roach  
  187  23:35  Roach  
  187  23:37  Roach  
  191  23:46  Roach x3  
  197  23:53  Spine Crawler x2  
  195  23:58  Spine Crawler  
  184  24:10  Roach  
  184  24:11  Roach x4  
  184  24:12  Roach  
  184  24:15  Roach  
  196  24:18  Roach  
  196  24:22  Roach  
  198  24:28  Roach  
  196  24:31  Overlord  

Tags
 
Add a new tag
Caveats
  • Supply blocks, unpowered buildings, or Contaminate may cause inaccurate times.
  • Supply counts are checked every 10 seconds.